 Dungeon Crawl Stone Soup version 0.30.0 (webtiles) character file.

Game seed: 8727298974722958941

5 booth the Caller (level 1, -1/13 HPs)
             Began as a Gnoll Summoner on May 7, 2023.
             Frozen to death by an endoplasm (2 damage)
             ... on level 1 of the Dungeon.
             The game lasted 00:01:22 (82 turns).

booth the Caller (Gnoll Summoner)                     Turns: 82, Time: 00:01:23

Health: -1/13      AC:  2    Str:  7    XL:     1   Next: 80%
Magic:  5/6        EV: 13    Int: 14    God:
Gold:   22         SH:  0    Dex: 12    Spells: 8/9 levels left

rFire   . . .        c - +0 whip
rCold   . . .        (no shield)
rNeg    . . .        a - +0 robe
rPois   .            (no helmet)
rElec   .            (no cloak)
rCorr   .            (no gloves)
SInv    .            (no boots)
Will    .....        (no amulet)
Stlth   ++           (no ring)
HPRegen 0.22/turn    (no ring)
MPRegen 0.10/turn

%: no passive effects
@: very slightly contaminated
A: fangs 1, strong nose, distributed training
a: no special abilities


You were on level 1 of the Dungeon.
You visited 1 branch of the dungeon, and saw 1 of its levels.

You collected 22 gold pieces.

Inventory:

Hand Weapons
 c - a +0 whip (weapon)
Armour
 a - a +0 robe (worn)
Potions
 b - a potion of magic


   Skills:
 + Level 0.1 Fighting
 + Level 0.1 Short Blades
 + Level 0.1 Long Blades
 + Level 0.1 Axes
 + Level 0.1 Maces & Flails
 + Level 0.1 Polearms
 + Level 0.1 Staves
 + Level 0.1 Ranged Weapons
 + Level 0.1 Throwing
 + Level 0.1 Armour
 + Level 4.4 Dodging
 + Level 4.0 Stealth
 + Level 0.1 Shields
 + Level 0.1 Unarmed Combat
 + Level 4.9 Spellcasting
 + Level 0.1 Conjurations
 + Level 0.1 Hexes
 + Level 7.0 Summonings
 + Level 0.1 Necromancy
 + Level 0.1 Translocations
 + Level 0.1 Transmutations
 + Level 0.1 Fire Magic
 + Level 0.1 Ice Magic
 + Level 0.1 Air Magic
 + Level 0.1 Earth Magic
 + Level 0.1 Poison Magic
 + Level 0.2 Invocations
 + Level 0.1 Evocations


You had 8 spell levels left.
You knew the following spells:

 Your Spells              Type           Power      Damage    Failure   Level
a - Summon Small Mammal   Summ           92%        N/A       1%          1

Your spell library contained the following spells:

 Spells                   Type           Power      Damage    Failure   Level
 Call Imp                 Summ           46%        N/A       1%          2
 Call Canine Familiar     Summ           23%        N/A       3%          3
 Summon Guardian Golem    Hex/Summ       13%        N/A       12%         3
 Summon Lightning Spire   Summ/Air       13%        N/A       38%         4


Dungeon Overview and Level Annotations

Branches:
Dungeon (1/15)

Altars:


Innate Abilities, Weirdness & Mutations

You have very sharp teeth.
Your uncanny sense of smell can sniff out nearby items.
Your experience applies equally to all skills.


Message History

The hobgoblin hits you.
You barely miss the hobgoblin.
The hobgoblin is moderately wounded.
Your quokka completely misses the hobgoblin.
Your rat bites the hobgoblin.
The hobgoblin hits your rat.
Your rat dies!
Your rat's corpse disappears in a puff of smoke!
Your quokka bites the hobgoblin but does no damage.
You enter the shallow water.
Moving in this stuff is going to be slow.
Your quokka barely misses the hobgoblin.
The hobgoblin hits your quokka but does no damage.
Your quokka barely misses the hobgoblin.
The hobgoblin completely misses your quokka.
Your quokka closely misses the hobgoblin.
The hobgoblin barely misses your quokka.
You barely miss the endoplasm.
The endoplasm splashes around in the water.
Your quokka closely misses the hobgoblin.
The endoplasm barely misses you.
The hobgoblin hits your quokka but does no damage.
You hit the endoplasm but do no damage. The endoplasm freezes you.
You are frozen.
Your quokka barely misses the hobgoblin.
The endoplasm hits you but does no damage.
The hobgoblin splashes around in the water.
Your quokka bites the hobgoblin.
The hobgoblin dies!
The endoplasm freezes you.
You are frozen.
* * * LOW HITPOINT WARNING * * *
Casting: Summon Small Mammal (safe; 1% risk of failure)
Confirm with . or Enter, or press ? or * to list all spells.
You miscast Summon Small Mammal.
You are very lightly contaminated with residual magic.
Nothing appears to happen.
The endoplasm freezes you.
You are frozen.
You die...

#..#.#.#.#........≈≈≈
#.#.#.#.#........§.....≈..
...#.#<#.#.......~.....~..
..#.#.#.#......≈~.~...~.~≈
...#.#.#.#....≈..~.~.~.~..
..#.#.#.#.....≈...~.≈.~...
..............≈...~≈.≈~...
..............≈..J~≈_≈~...
............#.≈.@J.~≈~.~§.
............##.≈~~~~.~~~§≈
...........####.≈r.~.~..§.
...#...†...# ##.§.~.~.≈..
####.#####.# ##.§≈.≈≈...
#.# ##..# #........$
#.###..## #.........
#.....## #.........
#..#### #.........


You could see 2 endoplasms and a friendly quokka (summoned).

Vanquished Creatures
  A bat (D:1)
1 creature vanquished.

Vanquished Creatures (collateral kills)
  2 hobgoblins (D:1)
  A frilled lizard (D:1)
  A kobold (D:1)
4 creatures vanquished.

Grand Total: 5 creatures vanquished

Notes
Turn   | Place    | Note
-------+----------+-------------------------------------------
     0 | D:1      | booth the Gnoll Summoner began the quest for the Orb.
     0 | D:1      | Reached XP level 1. HP: 13/13 MP: 6/6
    59 | D:1      | Found a faded altar of an unknown god.
    82 | D:1      | Frozen to death by an endoplasm

Illustrated notes

Levels and vault maps discovered:
D:1:      lightli_arrival_chessboard, layout_rooms,
          shapermc_ecumenical_altar_starsandcircs, serial_shops, shop,
          serial_corexii_hall, corexii_hall_statues_s,
          chequers_hall_statues_wall_a, hangedman_decor_push

Action                     || total
---------------------------++-------
  Melee: Whip              ||     7
   Cast: Summon Small Mamm ||     4
 Armour: Robe              ||     2
  Dodge: Dodged            ||    10
